Map: Carnage sur Korhal EC

Players

zidar - Winner!

  • Race: Zerg Zerg
  • League: Gold
  • Spawn Location: 6:00

IIIIIIIIIIII

  • Race: Terran Terran
  • Spawn Location: 12:00

VOD

Have the link to the VOD?

Description

Time

  • Played on: May 13, 2016, 3:25 p.m.
  • Length: 5:46
Show
View Real Time Build Order
Export as new Build Order

zidar Zerg - Winner!

Build Orders: Hatch First 

Get SALT Encoding   

  12  0:01  Drone  
  13  0:12  Overlord  
  13  0:17  Drone  
  14  0:30  Drone x2  
  14  0:34  Drone  
  17  0:54  Hatchery  
  17  0:56  Drone  
  17  1:11  Spawning Pool  
  17  1:14  Drone  
  17  1:17  Extractor  
  16  1:23  Drone  
  17  1:32  Drone  
  18  1:34  Overlord  
  18  1:43  Drone  
  19  1:49  Drone  
  20  1:59  Queen  
  22  2:05  Zergling x2  
  22  2:06  Queen  
  22  2:08  Drone  
  26  2:17  Zergling x2  
  26  2:18  Zergling x2  
  28  2:28  Metabolic Boost  
  28  2:31  Extractor  
  26  3:13  Roach Warren  
  25  3:20  Drone x4  
  25  3:21  Drone x2  
  31  3:53  Drone x5  
  36  3:58  Overlord x2  
  36  4:20  Hatchery  
  35  4:25  Roach x8  
  51  4:38  Lair  
  51  4:40  Pneumatized Carapace  
  51  4:46  Ravager  
  51  4:51  Overlord  
  51  4:52  Overlord  
Show
View Real Time Build Order
Export as new Build Order

IIIIIIIIIIII Terran 

Build Orders:  

Get SALT Encoding   

  12  0:01  SCV  
  13  0:13  Supply Depot  
  13  0:18  SCV  
  14  0:30  SCV  
  14  0:34  Refinery  
  15  0:42  SCV  
  16  0:46  Barracks  
  16  0:54  SCV  
  17  1:06  SCV  
  17  1:07  Supply Depot  
  18  1:18  SCV  
  19  1:30  SCV  
  20  1:36  Reaper  
  21  1:41  Refinery  
  21  1:42  SCV  
  22  1:54  Factory, SCV  
  23  2:07  SCV  
  24  2:20  Command Center  
  24  2:25  Orbital Command  
  24  3:00  Bunker  
  24  3:02  SCV  
  25  3:09  Armory  
  25  3:10  Factory Reactor  
  25  3:14  SCV  
  26  3:26  SCV  
  27  3:38  SCV  
  28  3:50  SCV  
  29  4:00  Hellbat x2  
  29  4:02  SCV  
  34  4:04  Factory  
  34  4:14  Orbital Command  
  34  4:16  SCV  
  39  4:29  SCV  
  39  4:31  Widow Mine x2  
  40  4:41  SCV  
  40  4:43  SCV  
  42  4:48  Refinery  
  42  4:53  Factory Reactor, Refinery, SCV  
  42  4:55  SCV  
  44  5:05  SCV  
  45  5:07  SCV  
  46  5:31  Supply Depot  
  46  5:33  SCV x2  
Tags
 
Add a new tag
Caveats
  • Supply blocks, unpowered buildings, or Contaminate may cause inaccurate times.
  • Supply counts are checked every 10 seconds.